 Dungeon Crawl Stone Soup version 0.31-a0-986-g5e6e4ef867 (webtiles) character file.

Game seed: 4820225083555103964

128 nmoody145 the Ducker (level 5, -1/36 HPs)
             Began as a Djinni Fire Elementalist on Nov 12, 2023.
             Slain by Grinder (8 damage)
             ... on level 3 of the Dungeon.
             The game lasted 00:42:23 (4463 turns).

nmoody145 the Ducker (Djinni Fire Elementalist)     Turns: 4463, Time: 00:42:23

Health: -1/36      AC:  5    Str:  7    XL:     5   Next: 33%
Gold:   104        EV: 10    Int: 19    God:
                   SH:  0    Dex: 13

rFire   + + .        c - +0 short sword
rCold   x . .        (no shield)
rNeg    . . .        j - +0 ring mail
rPois   ∞            (no helmet)
rElec   .            (no cloak)
rCorr   .            (no gloves)
SInv    .            (boots unavailable)
Will    .....        (no amulet)
Stlth   +            (no ring)
HPRegen 0.26/turn    (no ring)
MPRegen 0.00/turn

%: infuse magic (-2 HP)
@: flying
A: sickness immunity, fire resistance 2, cold vulnerability 1, float, innate
caster, HP casting, extra vitality 1
a: no special abilities


You were on level 3 of the Dungeon.
You visited 1 branch of the dungeon, and saw 4 of its levels.

You collected 104 gold pieces.

Inventory:

Hand Weapons
 c - a +0 short sword (weapon)
Missiles
 l - 6 poisoned darts
Armour
 a - a +0 robe
 b - a +0 robe
 i - a +0 leather armour
 j - a +0 ring mail (worn)
Wands
 m - a wand of mindburst (5)
Scrolls
 e - a scroll of butterflies {unknown}
 g - 3 scrolls of identify {unknown}
 h - 3 scrolls of teleportation {unknown}
 k - a scroll of amnesia {unknown}
 n - a scroll of revelation {unknown}
 o - a scroll of blinking {unknown}
 p - a scroll of silence {unknown}
Potions
 d - a potion of mutation {unknown}
 f - 2 potions of heal wounds {unknown}
 q - 2 potions of curing {unknown}
 r - a potion of haste {unknown}


   Skills:
 + Level 0.8 Fighting
 + Level 1.9 Armour
 + Level 3.4 Dodging
 + Level 2.7 Stealth
 + Level 0.1 Unarmed Combat
 + Level 3.2 Spellcasting
 + Level 3.2 Conjurations
 + Level 3.2 Hexes
 + Level 3.2 Summonings
 + Level 3.2 Necromancy
 + Level 3.2 Translocations
 + Level 3.2 Transmutations
 + Level 3.2 Fire Magic
 + Level 3.2 Ice Magic
 + Level 3.2 Air Magic
 + Level 3.2 Earth Magic
 + Level 3.2 Poison Magic


You knew the following spells:

 Your Spells              Type           Power      Damage    Failure   Level
a - Foxfire               Conj/Fire      60%        2x1d7     13%         1
b - Scorch                Fire           30%        2d6       21%         2
c - Volatile Blastmotes   Fire/Tloc      30%        2d12      36%         3
d - Inner Flame           Hex/Fire       15%        N/A       36%         3
e - Flame Wave            Conj/Fire      15%        2d7       78%         4
f - Freeze                Ice            60%        1d7       13%         1
g - Searing Ray           Conj           30%        2d5       21%         2
Your spell library was empty.

Dungeon Overview and Level Annotations

Branches:
Dungeon (4/15)
 Temple: D:4-7

Altars:

Annotations:
D:3 Grinder


Innate Abilities, Weirdness & Mutations

You are immune to sickness and miasma.
You are immune to poison.
Your flesh is very heat resistant. (rF++)
You are vulnerable to cold. (rC-)
You float through the air rather than walking.
You learn spells naturally, not from books.
Your magical power is your life essence.
You have superior vitality. (+4 MHP)


Message History

Grinder says, "Mostly I couldn't keep them alive."
Grinder closely misses you.
Aiming: Freeze (safe; 13% risk of failure)
Press: ? - help, Q - select action, (/) - cycle Shift-Dir - straight line, f/p - ball python
Aim: a ball python (moderately wounded)
You freeze the ball python.
The ball python is heavily wounded.
The ball python seems to slow down.
The ball python bites you but does no damage.
The ball python grabs you. The ball python constricts you. Grinder hits you.
You writhe in agony.
Aiming: Freeze (safe; 13% risk of failure)
Press: ? - help, Q - select action, (/) - cycle Shift-Dir - straight line, f/p - ball python
Aim: a ball python (heavily wounded, constricting you, slow)
You freeze the ball python!
You kill the ball python!
Grinder hits you!
You writhe in agony.
Grinder says, "Tell me all your secrets, or I'll kill you."
Grinder completely misses you.
Grinder says, "Make like a tree!"
Grinder gestures at you. You resist with significant effort.
Grinder misses you. Grinder gestures at you.
You struggle to resist.
There is a stone staircase leading up here.
Grinder hits you.
* * * LOW HITPOINT WARNING * * *
You writhe in agony.
* * * LOW HITPOINT WARNING * * *
You fly upwards.
There is a stone staircase leading down here.
Grinder attacks as she pursues you! Grinder hits you.
* * * LOW HITPOINT WARNING * * *
You writhe in agony.
* * * LOW HITPOINT WARNING * * *
Grinder attacks as she pursues you! Grinder barely misses you.
Grinder attacks as she pursues you! Grinder hits you!
You die...
Grinder says, "Now the real fun starts!"

##.##.#.#.......# #####.###
#..##.#.#.......####...#.#..
#..................'...#.#.#
#.###...#.#>#.######...#.#.#
#.# #####.#.#.# #.......# #.#
#.#.#.######.......# #.#
#.#.#......#.......#
##.#######.#5#......#.......#
#..........#@.......#.......#
############.######.#.#.....#
#............'.....#
#.#........#.#.....#
#.#................#
#.#...........#'#.##
#.#.................
#######.#.............#...
#................###......


You could see Grinder.

Vanquished Creatures
  5 adders
  A river rat (D:3)
  A worm (D:2)
  3 dart slugs (D:1)
  9 ball pythons
  6 endoplasms
  4 giant cockroaches
  4 goblins (D:1)
  5 hobgoblins
  3 jackals (D:2)
  6 kobolds
  3 quokkas (D:3)
  6 bats
  A frilled lizard (D:1)
  8 rats
65 creatures vanquished.

Vanquished Creatures (collateral kills)
  6 foxfires (D:1)
6 creatures vanquished.

Vanquished Creatures (others)
  92 foxfires
92 creatures vanquished.

Grand Total: 163 creatures vanquished

Notes
Turn   | Place    | Note
-------+----------+-------------------------------------------
     0 | D:1      | nmoody145 the Djinni Fire Elementalist began the quest for
                  | the Orb.
     0 | D:1      | nmoody145 set off with the following spells memorised:
                  | Foxfire, Scorch, Volatile Blastmotes, Inner Flame, Flame
                  | Wave.
     0 | D:1      | Reached XP level 1. HP: 15/15 MP: 0/0
   379 | D:1      | Reached XP level 2. HP: 14/21 MP: 0/0
   617 | D:1      | Reached XP level 3. HP: 23/25 MP: 0/0
   617 | D:1      | Learned a level 1 spell: Freeze
  1803 | D:2      | Reached XP level 4. HP: 29/31 MP: 0/0
  3665 | D:3      | Reached skill level 1 in Armour
  3665 | D:3      | Reached XP level 5. HP: 34/36 MP: 0/0
  3665 | D:3      | Learned a level 2 spell: Searing Ray
  4441 | D:4      | Noticed Grinder
  4442 | D:4      | Paralysed by Grinder for 4 turns
  4463 | D:3      | Slain by Grinder

Illustrated notes

Levels and vault maps discovered:
D:1:      minmay_arrival_open_corners, layout_loops_ring,
          shapermc_ecumenical_altar_notcrosses, minmay_hedge_maze,
          amcnicky_mini_corridor_feature
D:2:      layout_basic
D:3:      layout_basic, gup_sewer_entry_bubbles
D:4:      layout_cave_pods, mainiacjoe_overflow_big_doors, uniq_eustachio,
          uniq_grinder, uniq_natasha

Skill      XL: |  1  2  3  4 |
---------------+-------------+-----
Spellcasting   | |  3.2
Conjurations   | |  3.2
Hexes          | |  3.2
Summonings     | |  3.2
Necromancy     | |  3.2
Translocations | |  3.2
Transmutations | |  3.2
Fire Magic     | |  3.2
Ice Magic      | |  3.2
Air Magic      | |  3.2
Earth Magic    | |  3.2
Poison Magic   | |  3.2
Stealth        | 2 |  2.7
Dodging        | 3 |  3.4
Armour         | 1 |  1.9
Fighting       | |  0.8
Unarmed Combat | |  0.1

Action                     |  1- 3 |  4- 6 || total
---------------------------+-------+-------++-------
  Melee: Unarmed           |    16 |       ||    16
         Short sword       |    21 |     6 ||    27
   Cast: Foxfire           |    50 |    19 ||    69
         Freeze            |    22 |    12 ||    34
         Searing Ray       |       |     7 ||     7
   Stab: Sleeping          |     1 |       ||     1
 Armour: Robe              |    19 |       ||    19
         Leather armour    |     5 |     2 ||     7
         Ring mail         |       |    20 ||    20
  Dodge: Dodged            |    37 |    16 ||    53

Table legend: (Time is in decaauts)
 A = Elapsed time spent in this place.
 B = Non-inter-level travel time spent in this place.
 C = Inter-level travel time spent in this place.
 D = Time resting spent in this place.
 E = Time spent auto-exploring this place.
 F = Levels seen in this place.
 G = Mean time per level.
                   A        B        C        D        E       F      G
               +--------+--------+--------+--------+--------+-----+--------+
         Total |   4462 |   4439 |     23 |      0 |      0 |   4 | 1115.5 |
       Dungeon |   4462 |   4439 |     23 |      0 |      0 |   4 | 1115.5 |
               +--------+--------+--------+--------+--------+-----+--------+

Top non-repeatable levels by time:
     D:1: 1528 daAuts
     D:3: 1465 daAuts
     D:2: 1451 daAuts
     D:4: 16 daAuts
